Map: Deathaura LE

Players

Spatz - Winner!

  • Race: Protoss Protoss
  • League: Master
  • Spawn Location: 5:00

Kas

  • Race: Terran Terran
  • League: Grandmaster
  • Spawn Location: 11:00

Event: DreamHack SC2 Masters 2020 Summer Europe

VOD

Have the link to the VOD?

Description

Time

  • Played on: July 4, 2020, 11:39 a.m.
  • Length: 17:22

All games in this series

Show
View Real Time Build Order
Export as new Build Order

Spatz Protoss - Winner!

Build Orders: 1 Gate Expand, Blink Stalkers, Zealot Archon, Colossus Rush 

Get SALT Encoding   

  12  0:01  Probe  
  13  0:13  Probe  
  14  0:17  Pylon  
  14  0:24  Probe  
  15  0:32  Probe  
  15  0:39  Gateway  
  15  0:40  Probe  
  16  0:48  Assimilator  
  17  0:51  Probe  
  18  1:03  Probe  
  19  1:15  Probe  
  20  1:26  Cybernetics Core  
  20  1:35  Nexus  
  20  1:42  Pylon  
  20  1:47  Probe  
  21  1:51  Assimilator  
  21  1:52  Adept  
  21  1:59  Probe  
  22  2:03  Warp Gate  
  24  2:11  Probe  
  24  2:12  Stalker  
  27  2:23  Probe  
  28  2:35  Probe  
  29  2:39  Twilight Council  
  29  2:43  Probe, Stalker  
  31  2:47  Probe  
  33  2:51  Probe  
  33  2:55  Blink  
  34  2:59  Probe  
  34  3:01  Probe  
  36  3:11  Probe  
  36  3:13  Probe  
  37  3:23  Probe  
  37  3:26  Probe  
  37  3:29  Gateway  
  37  3:31  Gateway  
  37  3:35  Probe  
  37  3:37  Pylon  
  37  3:39  Robotics Facility  
  37  3:40  Probe  
  39  3:48  Probe, Pylon  
  40  3:52  Probe  
  41  3:55  Stalker  
  41  4:00  Probe  
  41  4:01  Probe  
  44  4:08  Assimilator  
  44  4:09  Probe, Assimilator  
  45  4:12  Probe  
  45  4:13  Pylon  
  47  4:18  Probe  
  47  4:21  Stalker  
  50  4:24  Probe  
  50  4:26  Observer  
  50  4:28  Stalker  
  54  4:31  Probe, Stalker  
  54  4:34  Pylon  
  54  4:36  Probe  
  58  4:43  Probe, Robotics Bay  
  59  4:48  Probe  
  56  4:57  Probe  
  56  4:58  Stalker x2  
  56  4:59  Stalker  
  60  5:00  Probe  
  61  5:09  Probe  
  61  5:11  Observer  
  63  5:15  Probe  
  63  5:16  Pylon  
  64  5:24  Nexus  
  64  5:29  Probe, Pylon  
  64  5:31  Observer  
  64  5:32  Probe  
  64  5:34  Colossus  
  67  5:41  Probe  
  68  5:44  Probe  
  69  5:53  Probe  
  69  5:56  Probe  
  77  6:00  Charge  
  77  6:03  Sentry  
  79  6:08  Gateway  
  79  6:10  Gateway  
  79  6:11  Gateway  
  79  6:12  Probe  
  79  6:18  Extended Thermal Lance  
  80  6:20  Probe  
  80  6:21  Sentry  
  80  6:23  Zealot  
  85  6:26  Observer  
  85  6:27  Pylon  
  85  6:29  Probe  
  85  6:30  Pylon, Colossus  
  85  6:36  Probe  
  86  6:43  Probe  
  86  6:44  Probe  
  94  6:48  Probe  
  95  6:55  Probe  
  95  6:56  Probe  
  93  7:02  Zealot x4  
  93  7:03  Forge  
  101  7:10  Shield Battery  
  101  7:15  Pylon  
  101  7:16  Zealot x2  
  101  7:19  Protoss Ground Armor Level 1  
  103  7:27  Zealot x4  
  105  7:33  Probe  
  106  7:41  Zealot x2  
  106  7:43  Probe  
  109  7:49  Stalker x4  
  109  7:50  Archon  
  109  7:51  Probe  
  118  7:52  Probe  
  118  7:55  Probe  
  118  7:57  Pylon, Observer  
  120  7:59  Pylon  
  120  8:03  Assimilator  
  120  8:04  Probe, Assimilator  
  121  8:09  Stalker x2  
  125  8:17  Pylon  
  125  8:18  Pylon  
  125  8:22  Probe x3, Pylon  
  126  8:31  Colossus  
  126  8:33  Zealot x5  
  120  8:34  Probe  
  120  8:37  Probe  
  114  8:47  Probe, Observer  
  107  8:54  Sentry, Zealot x5  
  111  8:57  Probe  
  111  9:00  Probe  
  111  9:02  Probe  
  114  9:09  Probe  
  115  9:12  Probe  
  115  9:13  Robotics Facility  
  115  9:14  Probe  
  115  9:16  Forge  
  117  9:21  Probe  
  118  9:24  Probe  
  118  9:27  Probe  
  118  9:28  Templar Archives  
  118  9:29  Zealot x5  
  130  9:33  Probe  
  125  9:39  Probe  
  125  9:41  Probe  
  127  9:45  Pylon, Zealot  
  127  9:46  Pylon  
  127  9:48  Probe  
  127  9:52  Probe  
  128  9:53  Probe, Stalker x3  
  128  9:59  Protoss Ground Weapons Level 1  
  131  10:00  Disruptor  
  131  10:01  Disruptor  
  131  10:10  Protoss Ground Armor Level 2  
  135  10:15  Probe  
  135  10:16  Nexus  
  132  10:25  Probe, Pylon  
  131  10:33  High Templar x2  
  131  10:34  Observer, High Templar x2  
  131  10:35  Stalker x2  
  139  10:36  Probe x2  
  139  10:38  Archon x2  
  139  10:41  Disruptor  
  144  10:56  Disruptor  
  144  10:57  Probe, Pylon  
  144  11:00  Stalker x2  
  144  11:02  Gateway  
  144  11:03  Pylon, Gateway  
  149  11:07  Probe x2  
  149  11:10  Probe  
  155  11:14  Disruptor  
  155  11:16  Pylon  
  155  11:19  Probe x2  
  155  11:24  Stalker x3  
  166  11:30  Zealot x2  
  169  11:34  Stalker  
  169  11:36  Disruptor  
  174  11:52  Stargate, Disruptor  
  179  11:54  Stalker  
  179  11:58  Assimilator x2  
  179  12:00  Pylon  
  179  12:03  Gateway  
  179  12:04  Gateway  
  179  12:07  Gateway  
  179  12:09  Gateway  
  179  12:10  Stalker x4  
  179  12:12  Zealot  
  179  12:13  Pylon  
  182  12:23  Zealot x3  
  174  12:35  Stalker x5  
  172  12:38  Probe  
  172  12:41  Disruptor  
  172  12:42  Observer  
  176  12:47  Protoss Ground Armor Level 3  
  172  12:52  Zealot x3  
  172  12:57  Disruptor  
  181  13:06  Zealot x5  
  191  13:14  Nexus  
  191  13:17  Disruptor  
  191  13:19  Protoss Ground Weapons Level 2  
  186  13:21  Zealot x7  
  200  13:29  Dark Shrine  
  170  13:44  Zealot x10  
  170  13:46  Probe  
  159  13:48  Disruptor  
  152  14:06  Pylon  
  152  14:07  Zealot x8  
  155  14:31  Zealot x11  
  177  14:46  Disruptor x2  
  157  15:07  Stalker x9  
  154  15:22  Disruptor  
  140  15:30  Zealot x2  
  140  15:31  Shadow Stride, Zealot x10  
  160  15:36  Assimilator  
  160  15:37  Assimilator  
  160  15:45  Disruptor  
  162  15:54  Zealot x5  
  162  15:55  Zealot x2  
  176  15:57  Disruptor  
  176  16:03  Stalker x3  
  183  16:13  Stalker x2  
  183  16:15  Stalker x3  
  191  16:21  Disruptor  
  186  16:33  Disruptor  
  186  16:48  Zealot x7  
  198  16:56  Dark Templar  
  180  17:12  Dark Templar x11  
Show
View Real Time Build Order
Export as new Build Order

Kas Terran 

Build Orders: Reaper Expand 

Get SALT Encoding   

  12  0:00  SCV  
  13  0:13  SCV  
  14  0:17  Supply Depot  
  14  0:25  SCV  
  15  0:38  SCV  
  15  0:39  Barracks  
  16  0:43  Refinery  
  16  0:50  SCV  
  17  1:02  SCV  
  18  1:14  SCV  
  19  1:27  Reaper  
  19  1:28  Orbital Command  
  20  1:44  Command Center  
  20  1:53  Supply Depot  
  20  1:54  SCV  
  20  1:59  Marine  
  22  2:06  SCV  
  23  2:09  Factory  
  23  2:18  SCV  
  23  2:22  Barracks Reactor, Bunker  
  24  2:28  Refinery  
  24  2:30  SCV  
  25  2:42  SCV  
  26  2:54  Hellion  
  26  2:57  Orbital Command  
  28  3:03  Marine  
  28  3:04  Marine, Starport  
  29  3:06  SCV  
  29  3:15  Hellion  
  29  3:18  SCV  
  32  3:25  Marine x2  
  32  3:26  SCV  
  35  3:30  SCV  
  36  3:36  Hellion  
  36  3:38  SCV  
  36  3:40  Medivac  
  41  3:42  SCV  
  41  3:45  Supply Depot  
  41  3:47  Marine  
  41  3:48  Marine  
  44  3:50  SCV  
  44  3:54  SCV  
  46  3:59  Factory Tech Lab  
  46  4:07  SCV x2, Supply Depot  
  46  4:09  Marine x2  
  50  4:11  Barracks  
  50  4:18  Siege Tank  
  50  4:19  SCV  
  54  4:26  Barracks  
  54  4:27  Engineering Bay  
  54  4:29  SCV, Marine  
  56  4:31  SCV  
  56  4:34  Marine  
  56  4:37  Starport Tech Lab  
  58  4:41  SCV, Supply Depot  
  58  4:42  Refinery  
  58  4:43  SCV  
  60  4:47  Marine  
  60  4:51  Marine  
  62  4:56  SCV, Siege Tank  
  62  5:00  SCV  
  62  5:02  Refinery  
  62  5:04  Supply Depot  
  62  5:05  Starport Reactor  
  62  5:06  Supply Depot  
  59  5:09  SCV  
  59  5:10  Marine x2  
  59  5:11  Barracks Tech Lab  
  59  5:12  SCV  
  63  5:16  Terran Infantry Weapons Level 1  
  63  5:19  Stimpack  
  63  5:21  SCV, Marauder  
  64  5:27  Missile Turret  
  67  5:28  SCV  
  67  5:30  Siege Tank  
  67  5:32  Combat Shield  
  70  5:37  Marauder  
  70  5:39  Marine x2  
  70  5:42  SCV  
  75  5:43  SCV  
  75  5:46  Supply Depot  
  75  5:47  Marauder  
  78  5:55  Medivac  
  80  5:58  Marine  
  80  5:59  Medivac, Marine  
  80  6:01  Marauder  
  80  6:03  Supply Depot  
  86  6:10  Supply Depot  
  86  6:11  Marauder  
  86  6:12  Factory Reactor  
  86  6:16  SCV x2, Supply Depot, Marine x2  
  92  6:22  Marauder  
  94  6:34  Marine x2  
  94  6:35  Marauder  
  94  6:36  Supply Depot  
  94  6:37  Supply Depot  
  94  6:38  Medivac x2  
  102  6:43  Marauder  
  104  6:51  Concussive Shells  
  104  6:52  Widow Mine x2  
  108  6:57  Marauder  
  108  6:59  Command Center  
  108  7:00  Marine x2  
  110  7:01  SCV x2  
  112  7:13  Widow Mine x2  
  115  7:17  Marauder  
  115  7:18  Marauder, Marine x2  
  115  7:20  Medivac  
  115  7:21  Medivac  
  125  7:29  SCV x2  
  127  7:42  Marauder x2, Marine x2  
  127  7:44  SCV  
  134  7:46  Supply Depot, Barracks  
  134  7:47  Supply Depot  
  134  7:49  Barracks  
  134  7:50  SCV  
  134  7:51  Widow Mine x2  
  139  7:58  SCV  
  140  7:59  Medivac  
  142  8:07  Medivac  
  142  8:08  SCV  
  142  8:10  SCV  
  142  8:12  Orbital Command  
  146  8:19  Marauder  
  150  8:20  SCV, Marauder  
  150  8:25  Starport  
  117  8:48  Barracks Reactor, Marauder x2, Barracks Tech Lab  
  117  8:49  Marine x2  
  119  8:55  Medivac  
  119  8:56  Medivac  
  119  8:58  SCV x3  
  119  9:02  Liberator  
  129  9:04  Barracks x2  
  129  9:06  Barracks  
  129  9:09  Command Center, Marauder  
  131  9:12  SCV x2  
  131  9:13  SCV  
  131  9:16  Refinery  
  134  9:17  Refinery  
  134  9:20  Armory  
  134  9:21  Engineering Bay  
  134  9:22  Terran Infantry Armor Level 1  
  134  9:24  SCV  
  135  9:28  Marauder x2  
  132  9:43  Marauder  
  132  9:44  Marine x3  
  132  9:45  Viking x2  
  127  9:50  Marauder  
  127  9:51  Liberator  
  132  9:53  SCV x2  
  132  9:54  SCV  
  132  9:59  Missile Turret, Sensor Tower  
  131  10:05  SCV x2  
  131  10:06  SCV, Missile Turret x2  
  123  10:15  Marauder x2  
  123  10:17  SCV, Marine x6  
  123  10:18  Marine  
  132  10:27  Marauder  
  132  10:30  SCV  
  132  10:34  SCV x2  
  132  10:35  Viking, Marine x2  
  137  10:36  Marauder  
  137  10:41  Viking  
  143  10:49  Viking  
  145  10:50  Viking  
  145  10:52  Planetary Fortress  
  147  10:59  Marauder, Marine x2  
  147  11:00  Marauder  
  147  11:02  Ghost Academy  
  153  11:11  SCV x3  
  156  11:12  Viking x2  
  156  11:15  Marauder  
  156  11:16  Marauder  
  156  11:17  Marine x2  
  167  11:19  Barracks Reactor, Barracks Tech Lab  
  167  11:21  Viking, Marauder  
  167  11:22  Viking  
  172  11:27  Terran Infantry Weapons Level 2  
  172  11:31  Terran Infantry Armor Level 2  
  172  11:33  SCV x3  
  172  11:34  SCV  
  172  11:36  Refinery  
  172  11:38  Refinery  
  172  11:39  Missile Turret  
  176  11:42  Viking  
  176  11:45  SCV  
  179  11:48  Ghost x2  
  179  11:52  SCV  
  179  11:53  SCV  
  185  11:56  Ghost  
  185  12:01  Marine  
  188  12:22  Viking, Marine  
  188  12:23  Marine x2  
  188  12:24  Marine x2  
  188  12:25  Ghost  
  188  12:26  Viking  
  173  12:35  Marauder, Marine x2  
  161  12:37  Marauder x2  
  161  12:40  Marine  
  161  12:41  Marine  
  163  12:50  Marine x2  
  158  12:52  Medivac x2  
  158  12:53  Marauder  
  158  12:54  Marauder  
  166  13:00  Marauder, Marine x3  
  166  13:01  Marauder  
  173  13:07  Command Center, Marauder, Marine  
  173  13:08  Marine  
  173  13:09  Terran Ship Weapons Level 1  
  173  13:11  Marine  
  178  13:15  Marauder  
  178  13:16  Marauder  
  178  13:18  Marine  
  177  13:22  Marauder, Liberator x2  
  170  13:45  Marauder x2, Marine x2  
  170  13:47  Marauder x2  
  165  13:48  Marauder, Marine  
  165  13:49  Medivac, Marine x3  
  165  13:53  SCV  
  164  13:56  Command Center  
  164  14:02  Marine  
  164  14:03  Terran Infantry Weapons Level 3  
  164  14:04  Terran Infantry Armor Level 3  
  164  14:06  Marauder x2  
  164  14:08  SCV x3, Marauder  
  148  14:25  Marauder  
  148  14:26  Marauder  
  148  14:29  Marauder x2  
  148  14:31  Marauder  
  144  14:33  Marine x4  
  144  14:35  Marine x2  
  150  14:47  Marauder x2  
  150  14:51  Marauder x2, Marine x3  
  150  14:52  Marauder  
  138  15:07  Ghost  
  138  15:08  Marauder  
  138  15:09  Marine x2  
  138  15:10  Marine  
  138  15:11  Ghost x2  
  138  15:12  SCV  
  138  15:13  Marauder  
  136  15:24  Marine  
  136  15:27  SCV  
  136  15:28  SCV  
  128  15:30  Marauder  
  128  15:33  Planetary Fortress  
  128  15:34  SCV  
  128  15:35  SCV, Marauder  
  134  15:37  Marauder  
  134  15:39  Marine x2  
  134  15:40  SCV x2  
  134  15:41  Marauder x2  
  144  15:46  SCV  
  144  15:51  Marauder  
  144  15:54  Marine x2  
  144  15:56  Marauder  
  147  15:58  Marauder  
  147  16:04  Marauder x2, Marine  
  130  16:13  Marauder  
  130  16:16  Marine  
  130  16:17  Marine  
  130  16:18  SCV, Marauder  
  136  16:20  Marauder  
  136  16:25  Marauder x2  
  131  16:33  Marine x2  
  131  16:35  Marauder  
  131  16:39  Marauder  
  137  16:41  Marauder  
  133  16:49  Marine  
  133  16:50  Marauder x2, Marine x3  
Tags
 
Add a new tag
Caveats
  • Supply blocks, unpowered buildings, or Contaminate may cause inaccurate times.
  • Supply counts are checked every 10 seconds.